 Dungeon Sprint DCSS version 0.20.1-1-g8b1a95d (console) character file.

191 bli the Destroyer (level 5, -4/35 HPs)
             Began as a Tengu Conjurer on Sept 5, 2017.
             Was a Follower of Vehumet.
             Slain by a hog (shapeshifter) (8 damage)
             ... in the Dungeon (Sprint V: "Ziggurat Sprint").
             The game lasted 00:06:32 (397 turns).

bli the Destroyer (Tengu Conjurer)                   Turns: 397, Time: 00:06:32

Health: -4/35      AC:  2    Str:  9    XL:     5   Next: 70%
Magic:  8/13       EV: 14    Int: 15    God:    Vehumet [*.....]
Gold:   0          SH:  8    Dex: 15    Spells: 7/13 levels left

rFire    . . .     SeeInvis .   P - +6 shillelagh "Devastator" {shatter}
rCold    . . .     Gourm    .   j - +3 buckler
rNeg     . . .     Faith    .   a - +0 robe
rPois    .         Spirit   .   (helmet restricted)
rElec    .         Reflect  .   (no cloak)
rCorr    .         Harm     .   (no gloves)
MR       .....     NoTele   +   (boots unavailable)
Stlth    ++........             (no amulet)
Regen    0.2/turn               (no ring)
MPRegen  0.2/turn               (no ring)

@: no status effects
A: beak, talons 3, able to fly 1
a: Fly, Renounce Religion


You were in the Dungeon.
You worshipped Vehumet.
Vehumet was aware of your devotion.
You were very full.

You visited 1 branch

Inventory:

Hand Weapons
 k - a +5 lajatang
 x - the cursed +3 mace of Subterfuge {drain, +Rage rC+ rN+ Stlth+}
   (You found it in the Dungeon)

   A truly terrible weapon, it drains the life of those it strikes.
   It protects you from cold.
   It protects you from negative energy.
   It lets you go berserk.
   It makes you more stealthy.
   It has a curse placed upon it.
 N - the +6 Majin-Bo {vamp, Archmagi MP+6 Int+6}
   (You found it in the Dungeon)

   It inflicts no extra harm, but heals its wielder when it wounds a living foe.
   It affects your intelligence (+6).
   It affects your magic capacity (+6).
 P - the +6 shillelagh "Devastator" (weapon) {shatter}
   (You found it in the Dungeon)
Armour
 a - a +0 robe (worn)
 j - a +3 buckler (worn)
 O - the +18 shield of the Gong {rElec rN+ MR+ EV-5}
   (You found it in the Dungeon)

   It affects your evasion (-5).
   It insulates you from electricity.
   It protects you from negative energy.
   It affects your resistance to hostile enchantments.
Magical Staves
 K - an uncursed staff of energy
Jewellery
 E - a +6 ring of dexterity
 F - a +6 ring of dexterity
 G - a +6 ring of intelligence
 H - a +6 ring of intelligence
 I - a +6 ring of strength
 J - a +6 ring of strength
 M - an uncursed ring of flight
Wands
 y - a wand of disintegration (7/24)
 B - a wand of iceblast (5/15)
 C - a wand of lightning (5/15)
 D - a wand of acid (5/15)
Scrolls
 i - 4 scrolls of blinking
 n - 4 scrolls of amnesia
 o - 3 scrolls of recharging
 p - 7 scrolls of fog
 q - a scroll of holy word
 r - 5 scrolls of identify
 s - 5 scrolls of remove curse
 t - 2 scrolls of fear
Potions
 d - 10 potions of curing
 e - 10 potions of heal wounds
 f - 6 potions of haste
 g - 7 potions of magic
 h - 3 potions of berserk rage
 u - 2 potions of brilliance
 v - 2 potions of invisibility
 w - 4 potions of resistance
 z - 5 potions of agility
 A - 6 potions of might
Books
 b - a book of Conjurations

   Spells                             Type                      Level
   a - Magic Dart                     Conjuration                  1
   b - Searing Ray                    Conjuration                  2
   c - Dazzling Spray                 Conjuration/Hexes            3
   d - Fulminant Prism                Conjuration/Hexes            4
   e - Force Lance                    Conjuration/Translocation    4
   f - Iskenderun's Mystic Blast      Conjuration                  4
Miscellaneous
 L - a crystal ball of energy
 Q - a lightning rod (4/4)
Comestibles
 c - 4 bread rations
 l - 42 fruits
 m - 4 meat rations


   Skills:
 * Level 5.0 Fighting
 - Level 2.3 Staves
 + Level 4.2 Dodging
 - Level 2.0 Stealth
 * Level 5.0 Shields
 * Level 4.9 Spellcasting
 + Level 10.4 Conjurations


You had 7 spell levels left.
You knew the following spells:

 Your Spells              Type           Power        Failure   Level  Hunger
a - Magic Dart            Conj           ####         1%          1    None
d - Dazzling Spray        Conj/Hex       ###...       6%          3    ###....
r - Searing Ray           Conj           #####.       1%          2    ##.....


Dungeon Overview and Level Annotations

Branches:
Dungeon (1/1)

Altars:
Ashenzari
Cheibriados
Dithmenos
Elyvilon
Fedhas
Gozag
Hepliaklqana
Kikubaaqudgha
Makhleb
Nemelex Xobeh
Okawaru
Qazlal
Ru
Sif Muna
Trog
Uskayaw
Vehumet
Xom
Yredelemnul
Zin
The Shining One
Beogh
Jiyva
Lugonu

Annotations:
D 1 transporter


Innate Abilities, Weirdness & Mutations

You have a beak for a mouth.
You have claws for feet.
You can fly.


Message History

You can now gain magical power from killing.
Vehumet offers you knowledge of Flame Tongue.
The crocodile's shape twists and changes as it dies.
Your Fighting skill increases to level 5!
Your Dodging skill increases to level 4!
Your Shields skill increases to level 5!
Your Conjurations skill increases to level 10!
The hog is severely wounded.
You block the fire bat's attack. The hog closely misses you.
Casting: Dazzling Spray
Confirm with . or Enter, or press ? or * to list all spells.
Aiming: Magic Dart
Press: ? - help, Shift-Dir - straight line, f - hog
Aim: a hog (severely wounded, blind)
The magic dart hits the hog.
The hog is severely wounded.
The fire bat bites you.
You are engulfed in flames!
* * * LOW HITPOINT WARNING * * *
The hog bites you!
You die...

▓▓▓▓▓▓▓▓▓▓▓▓▓
▓.8©8.▓.8©8.▓
▓.}=[.▓.....▓
▓.....▓.....▓
▓.....▓.....▓
▓..h.b▓.....▓
▓..@..▓.....▓
▓.....▓▓▓▓▓▓▓
▓▓▓▓▓▓▓


You could see a hog (blind) and a fire bat.

Vanquished Creatures
  A porcupine (D)
  A crocodile (shapeshifter) (D)
  A river rat (D)
3 creatures vanquished.

Notes
Turn   | Place    | Note
-------+----------+-------------------------------------------
     0 | D        | bli the Tengu Conjurer began the quest for the Orb.
     0 | D        | Reached XP level 1. HP: 10/10 MP: 4/4
     2 | D        | Found a blossoming altar of Fedhas.
     4 | D        | Found a viscous altar of Jiyva.
     4 | D        | Found a hazy altar of Hepliaklqana.
     4 | D        | Found a transporter.
     4 | D        | Found an opulent altar of Gozag.
     4 | D        | Found an ancient bone altar of Kikubaaqudgha.
     4 | D        | Found a corrupted altar of Lugonu.
    17 | D        | Found a burning altar of Makhleb.
    18 | D        | Found a sacrificial altar of Ru.
    18 | D        | Found a stormy altar of Qazlal.
    18 | D        | Found a deep blue altar of Sif Muna.
    18 | D        | Found an iron altar of Okawaru.
    18 | D        | Found a bloodstained altar of Trog.
    18 | D        | Found a sparkling altar of Nemelex Xobeh.
    55 | D        | Became a worshipper of Vehumet
    66 | D        | Reached skill level 6 in Conjurations
    66 | D        | Reached XP level 2. HP: 19/19 MP: 4/7
    70 | D        | Learned a level 2 spell: Searing Ray
    96 | D        | Entered arena 2.
    96 | D        | Noticed a porcupine
    96 | D        | Found a transporter.
   107 | D        | Killed a porcupine
   107 | D        | Reached skill level 9 in Conjurations
   107 | D        | Reached XP level 3. HP: 1/24 MP: 1/9
   107 | D        | Reached XP level 4. HP: 2/30 MP: 1/11
   107 | D        | Gained mutation: You can fly. [Tengu growth]
   107 | D        | Reached XP level 5. HP: 2/34 MP: 1/12
   114 | D        | Got the cursed +3 mace of Subterfuge {drain, +Rage rC+ rN+ Stlth+}
   120 | D        | Learned a level 3 spell: Dazzling Spray
   391 | D        | Entered arena 3.
   391 | D        | Noticed a hog
   391 | D        | Noticed a fire bat
   391 | D        | Noticed a crocodile
   391 | D        | Found a transporter.
   396 | D        | Killed a crocodile
   396 | D        | Reached * piety under Vehumet
   396 | D        | Offered knowledge of Flame Tongue by Vehumet.
   396 | D        | Reached skill level 5 in Fighting
   396 | D        | Reached skill level 5 in Shields
   396 | D        | Reached skill level 10 in Conjurations
   397 | D        | Slain by a hog (shapeshifter)

Skill      XL: |  1  2  3  4  5 |
---------------+----------------+-----
Fighting       | 3 4 5 |  5.0
Staves         | 2 |  2.3
Dodging        | 3 4 |  4.2
Shields        | 3 4 5 |  5.0
Spellcasting   | 3 4 |  4.9
Conjurations   | 6 9 10 | 10.4
Stealth        | |  2.0

Action                   |  1- 3 |  4- 6 || total
-------------------------+-------+-------++-------
Melee: Shillelagh        |     3 |     3 ||     6
       Kick              |     1 |       ||     1
       Peck              |       |     1 ||     1
 Cast: Magic Dart        |     7 |     1 ||     8
       Dazzling Spray    |       |     1 ||     1
  Use: Potion            |     1 |       ||     1
  Eat: Bread ration      |     1 |       ||     1
Armor: Robe              |       |     1 ||     1
Dodge: Dodged            |     3 |     2 ||     5
Block: Buckler           |     1 |     2 ||     3
